 Dungeon Crawl Stone Soup version 0.28-a0-823-gb444dcf96d (webtiles) character file.

Game seed: 5038848165879533140

235 ytrimaz the Chopper (level 6, -9/48 HPs)
             Began as a Formicid Fighter on Nov 9, 2021.
             Was an Initiate of Okawaru.
             Mangled by an ogre (16 damage)
             ... in the Ecumenical Temple.
             The game lasted 00:04:22 (3808 turns).

ytrimaz the Chopper (Formicid Fighter)              Turns: 3808, Time: 00:04:23

Health: -9/48      AC: 13    Str: 29    XL:     6   Next: 27%
Magic:  6/6        EV:  6    Int:  7    God:    Okawaru [......]
Gold:   179        SH: 14    Dex: 10    Spells: 5/5 levels left

rFire   + . .      SeeInvis +   a - +0 war axe
rCold   . . .      Faith    .   e - +2 tower shield {rF+}
rNeg    . . .      Spirit   .   b - +0 scale mail
rPois   .          Reflect  .   (helmet unavailable)
rElec   .          Harm     .   (no cloak)
rCorr   .          Rampage  .   q - +1 pair of gloves
Will    .....                   (no boots)
Stlth   ..........              (no amulet)
HPRegen 0.16/turn               h - +6 ring of strength
MPRegen 0.10/turn               m - +4 ring of protection

@: no status effects
A: permanent stasis, dig shafts and tunnels, antennae 3, four strong arms
a: Dig, Renounce Religion


You were in the Ecumenical Temple.
You worshipped Okawaru.
Okawaru was noncommittal.
You visited 2 branches of the dungeon, and saw 8 of its levels.

You collected 179 gold pieces.

Inventory:

Hand Weapons
 a - a +0 war axe (weapon)
Armour
 b - a +0 scale mail (worn)
 c - a +0 buckler
 e - a +2 tower shield of fire resistance (worn)
 p - a +0 kite shield
 q - a +1 pair of gloves (worn)
Jewellery
 h - a +6 ring of strength (left hand)
 m - a +4 ring of protection (right hand)
Wands
 k - a wand of acid (12)
Scrolls
 i - a scroll of blinking {unknown}
 j - a scroll of teleportation {unknown}
 o - a scroll of fear {unknown}
 s - a scroll of identify {unknown}
Potions
 d - a potion of might
 f - 3 potions of curing {unknown}
 g - a potion of attraction {unknown}
 r - a potion of heal wounds {unknown}


   Skills:
 + Level 4.1 Fighting
 + Level 4.5 Axes
 + Level 4.2 Armour
 - Level 0.2 Dodging
 * Level 4.4 Shields


You had 5 spell levels left.
You didn't know any spells.
Your spell library contained the following spells:

 Spells                   Type           Power      Damage    Failure   Level
 Sublimation of Blood     Necr           0%         N/A       100%        2
 Wereblood                Tmut           0%         N/A       100%        2
 Alistair's Intoxication  Tmut/Pois      0%         N/A       100%        5
 Borgnjor's Vile Clutch   Necr/Erth      0%         N/A       100%        5
 Eringya's Noxious Bog    Tmut/Pois      0%         N/A       100%        6
 Summon Hydra             Summ           Unusable   N/A       N/A         7

Dungeon Overview and Level Annotations

Branches:
Dungeon (7/15)             Temple (1/1) D:4

Altars:
Gozag
Okawaru
Qazlal
Sif Muna
Uskayaw
Zin
The Shining One


Innate Abilities, Weirdness & Mutations

You cannot be hasted, slowed, berserked, paralysed or teleported.
You can dig through walls and to a lower floor.
You have a pair of large antennae on your head. (SInv)
Your four strong arms can wield two-handed weapons with a shield.


Message History

Found two altars.
Found a hide-covered altar of Uskayaw.
There is an iron altar of Okawaru here.
Unknown command.
Press < or > to pray at altars.
Found a stormy altar of Qazlal.
There is an iron altar of Okawaru here.
You kneel at the altar of Okawaru.
Okawaru welcomes you!
Things that are here:
a +0 flail; a +0 leather armour
There is a staircase back to the Dungeon here.
You climb upwards.
Welcome back to the Dungeon!
You block the ogre's attack. You block the orc's attack.
There is a staircase to the Ecumenical Temple here.
Unknown command.
You block the orc's attack.
The ogre hits you with a +0 giant spiked club.
You climb downwards.
Welcome back to the Ecumenical Temple!
There is a staircase back to the Dungeon here.
Unknown command.
You hit the ogre.
The ogre is lightly wounded.
You barely miss the orc. You block the orc's attack.
The ogre hits you with a +0 giant spiked club.
The orc hits you but does no damage.
You hit the ogre.
The ogre is moderately wounded.
You hit the orc.
The ogre hits you with a +0 giant spiked club!
The orc hits you but does no damage. x2
Unknown command.
You hit the ogre.
The ogre is moderately wounded.
You closely miss the orc.
The ogre hits you with a +0 giant spiked club!!
* * * LOW HITPOINT WARNING * * *
You block the orc's attack.
The ogre hits you with a +0 giant spiked club!
You die...

..........###
...._.......##
.............##
##...._.......##
≈###...........#
≈≈≈##..._......##
≈≈≈≈##..........#
≈≈≈SS#.......[.o#
≈≈≈≈S#..._....@.#
≈≈≈≈≈#.........O#
≈≈≈≈##..........#
≈≈≈##..._......##
###...........#
............##
..._......##
.......##


You could see an ogre and an orc.

Vanquished Creatures
  A jelly (D:6)
  A hound zombie (D:5)
  4 gnolls
  6 adders
  3 worms
  3 dart slugs
  2 orcs
  7 ball pythons
  9 bats
  8 endoplasms
  5 giant cockroaches
  11 goblins
  3 hobgoblins
  2 jackals (D:1)
  2 quokkas
  2 frilled lizards
  A jackal skeleton (D:4)
  2 kobolds
  9 rats
81 creatures vanquished.

Notes
Turn   | Place    | Note
-------+----------+-------------------------------------------
     0 | D:1      | ytrimaz the Formicid Fighter began the quest for the Orb.
     0 | D:1      | Reached XP level 1. HP: 18/18 MP: 1/1
   186 | D:1      | Reached XP level 2. HP: 23/24 MP: 2/2
   512 | D:1      | Reached XP level 3. HP: 27/29 MP: 3/3
  1279 | D:2      | Reached XP level 4. HP: 23/37 MP: 4/4
  2076 | D:2      | Found a faded altar of an unknown god.
  2205 | D:3      | Reached XP level 5. HP: 39/42 MP: 5/5
  3062 | D:3      | Identified a scroll of acquirement
  3062 | D:3      | Acquired a +2 tower shield of fire resistance
  3103 | D:4      | You fall into a shaft and drop 3 floors!
  3549 | D:5      | Entered Level 5 of the Dungeon
  3635 | D:5      | Reached XP level 6. HP: 48/48 MP: 6/6
  3722 | D:4      | Found a staircase to the Ecumenical Temple.
  3777 | D:4      | Noticed an ogre
  3784 | Temple   | Entered the Ecumenical Temple
  3795 | Temple   | Became a worshipper of Warmaster Okawaru
  3808 | Temple   | Mangled by an ogre

Illustrated notes

Levels and vault maps discovered:
D:1:      giann_wishing_wells, layout_loops_ring, minmay_cupped
D:2:      layout_rooms, hellmonk_ecumenical_altar_leap_of_faith,
          minmay_split_cup_large
D:3:      wander_river, layout_rooms, minmay_misc_feat_chi
D:4:      layout_cave_pools, temple_pool_b, minmay_pentomino_pile
D:5:      layout_loops_corners
D:6:      layout_basic, uniq_blork_the_orc
D:7:      layout_loops_ring, hangedman_decor_diamond_cutter, uniq_menkaure
Temple:   compressed_dpeg_circular_temple

Skill      XL: |  1  2  3  4  5 |
---------------+----------------+-----
Shields        | 4 |  4.4
Axes           | 3 4 |  4.5
Fighting       | 4 |  4.1
Armour         | 4 |  4.2
Dodging        | |  0.2

Action                   |  1- 3 |  4- 6 || total
-------------------------+-------+-------++-------
Melee: War axe           |    85 |   174 ||   259
 Abil: Shaft Self        |       |     1 ||     1
  Use: Scroll            |       |     5 ||     5
Armor: Scale mail        |    51 |   103 ||   154
Dodge: Dodged            |    61 |    83 ||   144
Block: Buckler           |    31 |    25 ||    56
       Tower shield      |       |    49 ||    49

Table legend: (Time is in decaauts)
 A = Elapsed time spent in this place.
 B = Non-inter-level travel time spent in this place.
 C = Inter-level travel time spent in this place.
 D = Time resting spent in this place.
 E = Time spent auto-exploring this place.
 F = Levels seen in this place.
 G = Mean time per level.
                   A        B        C        D        E       F      G
               +--------+--------+--------+--------+--------+-----+--------+
         Total |   3928 |   3864 |     64 |    742 |   2246 |   8 |  491.0 |
       Dungeon |   3903 |   3839 |     64 |    742 |   2246 |   7 |  557.6 |
        Temple |     24 |     24 |      0 |      0 |      0 |   1 |   24.0 |
               +--------+--------+--------+--------+--------+-----+--------+

Top non-repeatable levels by time:
     D:1: 1261 daAuts
     D:2: 957 daAuts
     D:3: 951 daAuts
     D:7: 303 daAuts
     D:5: 164 daAuts
     D:6: 143 daAuts
     D:4: 121 daAuts
  Temple: 24 daAuts
